[Event "Tata Steel-A 80th"]
[Site "Wijk aan Zee"]
[Date "2018.01.16"]
[Round "4"]
[White "Caruana, Fabiano"]
[Black "So, Wesley"]
[Result "1/2-1/2"]
[ECO "E46"]
[WhiteElo "2811"]
[BlackElo "2792"]
[Annotator "ChessBase II"]
[PlyCount "96"]
[EventDate "2018.01.13"]
[EventType "tourn"]
[EventRounds "13"]
[EventCountry "NED"]
[EventCategory "20"]
[SourceTitle "CBM 183"]
[Source "ChessBase"]
[SourceDate "2018.03.14"]
[SourceVersion "1"]
[SourceVersionDate "2018.03.14"]
[SourceQuality "1"]
[TimeControl "40/6000+30:20/3000+30:900+30"]

1. d4 {[%emt 0:00:00] Krasenkow,Michal} Nf6 2. c4 e6 3. Nc3 Bb4 4. e3 O-O 5. Nge2 d5 6. a3 Be7 7. cxd5 exd5 8. Nf4 Re8 9. Bd3 Bd6 10. O-O ({RR} 10. Nfxd5 Nxd5 11. Nxd5 Qg5) 10... Bxf4 11. exf4 Nc6 12. Be3 ({RR} 12. f3 a6 ({RR} 12... Nxd4 13. Bxh7+ Kxh7 14. Qxd4 b6 15. b4 Kg8) 13. Ne2 Nd7 14. f5 Qf6 15. Bb1 Nb6 16. g4 Nc4 17. Qd3 Bd7) ({RR} 12. Bc2 Ne7 13. f3 ({RR} 13. h3 Bf5 14. Ba4 Bd7 15. Bb3 ({RR} 15. b4 Bxa4 16. Nxa4 Ne4 17. Qd3 b6 18. Ra2 Qd7 19. Nc3 Nf5) ({RR} 15. Bc2) 15... h5 16. f5 Bxf5 17. Bg5 Bg6 18. Bxf6 gxf6 19. Qf3 Nf5 20. Bxd5 c6 21. Ba2 Qxd4 22. Rad1 Qe5 23. Rd7 Re7 24. Rxe7 Qxe7 25. Rd1 Rd8) 13... h5 ({RR} 13... Bf5 14. Ba4 Bd7 15. Bc2 Bf5 16. Ba4 Bd7 17. Bb3 h5 18. Be3 Nf5 19. Bf2 Ne3 20. Bxe3 Rxe3 21. Qd2 Re8 22. Rfe1 Rxe1+ 23. Rxe1 c6 24. Bc2 Qc7 25. Re5 Re8 26. Qe3 Kf8) 14. Re1 Bf5 15. Be3 Bxc2 16. Qxc2 Qd7 17. Bf2 Nc6 18. Qd3 a6 19. h3 Rxe1+ 20. Rxe1 Re8 21. Rxe8+ Nxe8 22. g4 f5 23. g5) ({RR} 12. Ne2 Ne4 13. Be3 ({RR} 13. Qc2 Bf5 14. Be3 Qd7 15. Rac1 ({RR} 15. f3 Nd6 16. Bf2 Na5 17. Nc3 c6 18. g4 Bxd3 19. Qxd3 Re7 20. f5 Rae8) 15... Nd6 16. Rfd1 Rac8 17. Qc5 Bxd3 18. Rxd3 Ne7 19. b3 a6 20. Ng3 c6 21. f3 Ndf5) 13... Bf5 ({RR} 13... Ne7 14. Ng3 Nf5 15. Bxe4 dxe4 16. Nxf5 Bxf5 17. d5) 14. Rc1 Qd7 15. Bb5 Nd6 16. Qa4 Nxb5 17. Qxb5 Rab8 18. Ng3 a6 19. Qa4 Rbc8 20. Nxf5 Qxf5 21. Rc5 Red8 22. Rfc1 h5 23. h3 Rd7 24. Rxc6 bxc6 25. Rxc6 Ra8 26. b4) 12... Ne7 13. Qc2 ({RR} 13. Re1 Nf5 ({RR} 13... c6) 14. Bxf5 ({RR} 14. Qc2 g6 15. h3 h5 16. Rac1 Kg7 17. b4 Nd6 18. Nb5 Nxb5 19. Bxb5 c6 20. Bd3 Ne4 21. b5 Bd7 22. bxc6 bxc6 23. f5 Bxf5 24. Qxc6 Rc8) 14... Bxf5 15. f3 h5 16. Bf2 Rxe1+ 17. Qxe1 Qd6 18. Qe5 Qd7 19. Qe2 Re8 20. Qd2 Qd6 21. h3 Bd7 22. g4 hxg4 23. hxg4 Nh7 24. f5 g6 25. fxg6 Qxg6 26. Re1 c6) 13... g6 ({RR} 13... Qd7 14. f3 c5 15. Bb5 Nc6 16. Bf2) 14. f3 Bf5 ({RR} 14... h5 15. Qd2 ({RR} 15. Bf2 Bf5 16. h3 Qd6 17. Ne2 Bxd3 18. Qxd3 a5 19. Rac1 Ra6 20. g4 hxg4 21. hxg4 Rb6 22. Rc2 a4 23. Bg3 Rb3 24. Qd2 Nc6 25. Nc3 Na5 26. Qh2 Nc4) 15... Bf5 16. Be2 Qd7 ({RR} 16... Nc8 17. Bf2 Nd6 18. Bh4 c6) 17. Rfe1 Be6 18. Bf2 Nf5 19. Bd3 ({RR} 19. g4 hxg4 20. fxg4 Ng7 21. f5 gxf5 22. Bh4 Nh7 ({RR} 22... Nxg4 23. h3)) 19... Nd6 20. Re5 c6 21. Rae1 Bf5 22. Bh4 ({RR} 22. Bf1 Nh7) 22... Nh7 23. Be7 Bxd3 ({RR} 23... f6 24. R5e3 Bxd3 25. Bxd6 Rxe3 26. Qxe3 Qxd6 27. Qxd3 f5) 24. Bxd6 Bf5 25. Bb4 b6 26. a4 a5 27. Ba3 Re6 28. h3 Rae8 29. g4 {So,W (2770)-Karjakin,S (2773) Bilbao 2016 CBM 174 [Krasenkow,Michal] ½-½ (47)}) 15. g4 Bxd3 16. Qxd3 Kg7 $146 ({RR} 16... Qd6 17. Rae1 h5 18. h3 hxg4 19. hxg4 Kg7 20. Kg2 a6 21. Qd2 Nd7 22. Bf2 Nf8 23. Re5 f6 24. f5 gxf5 25. Bg3 Qc6 26. Re2 Nfg6 27. Rh1 Rh8 28. Rhe1 Kf7 29. Nd1 Rae8 30. Nf2 Qd7 31. g5 {El Debs,F (2527)-Quesada Perez,Y (2645) Montevideo 2015 0-1 (37)}) ({RR} 16... Qd6 17. Rae1 h5 18. h3 hxg4 19. hxg4 Kg7 20. Kg2 a6 21. Qd2 Nd7 22. Bf2 Nf8 23. Re5 f6) 17. Rae1 Qd7 18. Bf2 h5 19. h3 c6 20. Ne2 hxg4 21. hxg4 Nfg8 22. Bh4 f5 23. Ng3 Rf8 24. Re5 Rf7 25. Qe2 Kf8 26. Re6 Rc8 27. b4 b6 28. Re1 c5 29. bxc5 bxc5 30. dxc5 Qc7 31. Kg2 Qxc5 32. Qe5 fxg4 33. fxg4 d4 34. Qxc5 Rxc5 35. Ne4 Rc2+ 36. Kf3 Nd5 37. Bg5 {[%emt 0:00:09] Caruana missed a chance with 37.Rd6, when after 37...Nxf4, he would have 38.Ng5 and black's knight is lost. Instead after 37.Bg5 the game ended in a draw ten moves later.} (37. Rd6 Nxf4 38. Ng5 ) 37... Rh7 38. Nd6 d3 39. f5 Rh3+ 40. Ke4 d2 41. Rf1 d1=Q 42. Rxd1 Nc3+ 43. Kd4 Nxd1 44. f6 Nxf6 45. Bxf6 Rd2+ 46. Kc5 Rc2+ 47. Kd4 Rd2+ 48. Kc5 Rc2+ 1/2-1/2